[Event "*** Titled Tuesday Blitz"]
[Site "Chess.com"]
[Date "2021.02.02"]
[Round "2"]
[White "Grandmaster2B"]
[Black "milenapn"]
[Result "1-0"]
[WhiteElo "2605"]
[BlackElo "2022"]
[TimeControl "180+1"]
[EndTime "10:18:31 PST"]
[Termination "Grandmaster2B won by resignation"]

1. e4 e5 2. Nf3 Nc6 3. Bb5 a6 4.
Ba4 Nf6 5. d3 d6 6. c3 g6 7. h3 Bg7 8. Be3 O-O 9. Nbd2 b5 10.
Bc2 Nd7 11. O-O f5 12. Bb3+ Kh8 13. exf5 gxf5 14. Ng5 Qe7 15. f4 Nf6 16. a4 bxa4 17.
Rxa4 h6 18. Ngf3 Bd7 19. Nh4 Kh7 20. Ra2 e4 21. d4 Be6 22. Bxe6 Qxe6 23. Qb3 d5 24.
Rfa1 Rfb8 25. Qc2 Rb6 26. Nb3 Nd7 27. Nc5 Nxc5 28. dxc5 Rb5 29. Rxa6 Rxa6 30. Rxa6 Ra5 31. Qe2 Bf6 32. Nxf5 Qxf5 33. Rxc6 Qd7 34. Rxf6 1-0

[Event "*** Titled Tuesday Blitz"]
[Site "Chess.com"]
[Date "2021.02.02"]
[Round "2"]
[White "CraiggoryC"]
[Black "Fluke180"]
[Result "1-0"]
[WhiteElo "2128"]
[BlackElo "2355"]
[TimeControl "180+1"]
[EndTime "10:18:31 PST"]
[Termination "CraiggoryC won by checkmate"]

1. e4 c6 2. Nf3 d5 3. e5 Bg4 4. d4 e6 5. c3 c5 6. dxc5 Bxc5 7. Qa4+ Nc6 8. Qxg4 Nge7 9. Bd3 Ng6 10. O-O Rc8 11.
b4 Bb6 12. Re1 a5 13. b5 Nce7 14. Ba3 h5 15. Qg5 Bc5 16. Bxg6 fxg6 17. Bxc5 Rxc5 18. Nd4 Qc8 19. a4 Rf8 20. Re3 Kd7 21. Rf3 Rxf3 22. Nxf3 Qf8 23. Nd4 Rc4 24. Qe3 Nf5 25. Nxf5 Qxf5 26.
Nd2 Rc7 27. Rc1 g5 28. c4 h4 29. h3 g4 30. hxg4 Qxg4 31. Nf3 h3 32. g3 Rxc4 33. Rxc4 Qxc4 34. Qb6 Qe4 35. Qxb7+ Ke8 36. Qc6+ Kf7 37. Ng5+ Kg6 38. Nxe4 Kf5 39. Nd6+ Kxe5 40. b6 d4 41. b7 d3 42. b8=Q d2 43. Nc4+ Kf6 44.
Qf3+ Kg6 45. Qe8+ Kh7 46. Qfh5# 1-0

[Event "*** Titled Tuesday Blitz"]
[Site "Chess.com"]
[Date "2021.02.02"]
[Round "2"]
[White "Gusarov91"]
[Black "Sunnika"]
[Result "1-0"]
[WhiteElo "1216"]
[BlackElo "2338"]
[TimeControl "180+1"]
[EndTime "10:18:33 PST"]
[Termination "Gusarov91 won on time"]

1. d4 Nf6 2. Nf3 c5 3. d5 e6 4. Nc3 exd5 5. Nxd5 Nxd5 6. Qxd5 Be7 7. Bf4 Nc6 8. e4 Nb4 9. Qd2 d5 10. exd5 Nxd5 11. Bb5+ Bd7 12. Qxd5 Bxb5 13. Qxb7 a6 14. Rd1 Qc8 15. Qxc8+ Rxc8 16. b3 c4 17. Nd4 cxb3 18.
axb3 O-O 19. c4 Bd7 20. O-O Bc5 21. Nf3 Bg4 22. Bd6 Bxf3 23. gxf3 Bxd6 24. Rxd6 Rb8 25. Rb1 Rfc8 26. Kg2 Kf8 27. Rxa6 Rxc4 28. bxc4 Rxb1 29.
Ra8+ Ke7 30. Ra7+ Kf6 31. Rc7 Rc1 32. f4 g6 33. Kg3 h5 34. Rc5 Rc2 35. h4 Kg7 36. f5 Kf6 37. fxg6 fxg6 38. Rc6+ Kg7 39. c5 Kf7 40. f3 Kg7 41. Rc8 Rc4 42. Rc6 Kf7 43. Rc7+ Kf6 44. f4 Ke6 45. Kf3 1-0

[Event "*** Titled Tuesday Blitz"]
[Site "Chess.com"]
[Date "2021.02.02"]
[Round "2"]
[White "vladjianu"]
[Black "Al_Shima"]
[Result "1-0"]
[WhiteElo "2587"]
[BlackElo "2298"]
[TimeControl "180+1"]
[EndTime "10:18:34 PST"]
[Termination "vladjianu won by resignation"]

1. d4 c5 2. d5 e5 3. e4 d6 4. Nc3 f5 5. Bb5+ Bd7 6. exf5 Bxb5 7.
Qh5+ g6 8. fxg6 Nf6 9. g7+ Nxh5 10. gxh8=Q Ba6 11. Qxh7 Nf6 12. Qg6+ Ke7 13. Bg5 Nd7 14. Ne4 Qe8 15. Bxf6+ Nxf6 16. Qxf6+ Kd7 17. Nf3 Be7 18.
Qe6+ Kc7 19. O-O-O Qf8 20. Rhe1 Re8 21. Kb1 b5 22.
Nxc5 Bc8 23. Qg6 dxc5 24. Rxe5 Bd7 25. Rxe7 Rxe7 26. d6+ 1-0

[Event "*** Titled Tuesday Blitz"]
[Site "Chess.com"]
[Date "2021.02.02"]
[Round "2"]
[White "Eternauta2400"]
[Black "kasparicy"]
[Result "0-1"]
[WhiteElo "2495"]
[BlackElo "2323"]
[TimeControl "180+1"]
[EndTime "10:18:34 PST"]
[Termination "kasparicy won by checkmate"]

1. c4 Nf6 2. Nc3 d5 3. d4 g6 4. Nf3 Bg7 5. cxd5 Nxd5 6. g3 O-O 7. Bg2 Nc6 8. O-O Nb6 9. d5 Nb4 10. e4 a5 11. Be3 Nc4 12. Bd4 Nxb2 13. Qd2 Nc4 14. Qd3 Nxd3 15. Bxg7 Kxg7 16. Rfd1 Nde5 17. Nd4 a4 18. f4 Ng4 19. Rd3 Nge3 20. Bf3 Bg4 21. Re1 Bxf3 22. Nxf3 Nc2 23. Re2 Nb4 24. Rd4 b5 25. Nxb5 Nd6 26. Rxb4 Rb8 27. Nfd4 Nxb5 28.
Nc6 Qd6 29. Reb2 Qc5+ 30. Kg2 Rb6 31. a3 Nd4 32. Rxb6 cxb6 33. Ne5 Qc3 34. Rxb6 f6 35. Nc6 Qd2+ 36. Kh3 Ne2 37. Nxe7 Ng1+ 38. Kh4 Qxh2+ 39. Kg4 Qh3# 0-1

[Event "*** Titled Tuesday Blitz"]
[Site "Chess.com"]
[Date "2021.02.02"]
[Round "2"]
[White "SilviusTiberius"]
[Black "jpS520"]
[Result "1-0"]
[WhiteElo "2474"]
[BlackElo "2277"]
[TimeControl "180+1"]
[EndTime "10:18:35 PST"]
[Termination "SilviusTiberius won by resignation"]

1. e4 c5 2. Nf3 Nc6 3. d4 cxd4 4. Nxd4 g6 5. c4 Nf6 6. Nc3 d6 7. f3 Nxd4 8. Qxd4 Bg7 9. Be3 O-O 10. Qd2 a5 11. Na4 Bd7 12. Nb6 Rb8 13. Qxa5 Bc6 14. Qb4 Nd7 15. Rd1 Nxb6 16. Bxb6 Qd7 17. Be2 Ra8 18. a3 Ra4 19. Qd2 Ra6 20. Bd4 Ba4 21. Bxg7 Kxg7 22. Qc3+ Kg8 23. b3 Bc6 24. a4 h5 25. O-O Raa8 26. Rfe1 Qc7 27. Qe3 Kg7 28. f4 b6 29. Bf3 Qb7 30. f5 Rad8 31. fxg6 fxg6 32.
Qg5 Rf6 33. Bxh5 Rdf8 34. e5 dxe5 35. Rxe5 Be4 36. Re1 Rf4 37. Rxe7+ R8f7 38. Rxb7 1-0

[Event "*** Titled Tuesday Blitz"]
[Site "Chess.com"]
[Date "2021.02.02"]
[Round "2"]
[White "banane_verte"]
[Black "politeplayer"]
[Result "1-0"]
[WhiteElo "2430"]
[BlackElo "2197"]
[TimeControl "180+1"]
[EndTime "10:18:35 PST"]
[Termination "banane_verte won by resignation"]

1. e4 e6 2. d4 d5 3. exd5 exd5 4. Nf3 Nf6 5. Bd3 Bd6 6. Qe2+ Be6 7. Ng5 Qe7 8. Nxe6 fxe6 9. O-O Nc6 10. c3 O-O-O 11.
Re1 Rhe8 12. Bg5 e5 13. Nd2 exd4 14. Qxe7 Rxe7 15. Rxe7 Bxe7 16. cxd4 Nxd4 17. Re1 Bb4 18. a3 Bxd2 19. Bxd2 h6 20. Bg6 Kd7 21. f4 Nc6 22. Bf5+ Kd6 23. b4 Re8 24. Rxe8 Nxe8 25. Kf2 Nd4 26. Bg6 Nf6 27. Bc3 Nb5 28. Bb2 c5 29. bxc5+ Kxc5 30. h3 d4 31. g4 Nc3 32.
Kf3 Kc4 33. Bf7+ Kd3 34. g5 hxg5 35. fxg5 Nfe4 36. Bg6 Kd2 37. Bxe4 1-0

[Event "*** Titled Tuesday Blitz"]
[Site "Chess.com"]
[Date "2021.02.02"]
[Round "2"]
[White "BAS8892"]
[Black "CM_rui"]
[Result "1-0"]
[WhiteElo "2726"]
[BlackElo "2341"]
[TimeControl "180+1"]
[EndTime "10:18:36 PST"]
[Termination "BAS8892 won by checkmate"]

1. e4 e5 2. Nf3 Nc6 3. Nc3 Nf6 4. d4 exd4 5. Nxd4 Nxd4 6. Qxd4 d6 7. Bc4 Be7 8. O-O O-O 9. h3 Be6 10. Bxe6 fxe6 11.
Qc4 Qd7 12. e5 d5 13. Qe2 Ne8 14. Bd2 a6 15. Rad1 g6 16. Bh6 Ng7 17. Ne4 c5 18.
Rfe1 Qc7 19. Nf6+ Bxf6 20. exf6 Rxf6 21. Bg5 Rf5 22. Bh6 Re8 23. Qe3 Rf7 24. Bxg7 Rxg7 25. Rxd5 b6 26. Re5 Rge7 27. a4 a5 28. b3 Qd7 29.
Qe2 Qd4 30. Re4 Qf6 31. Rd1 e5 32. Rd5 Qc6 33. Rdxe5 Qxe4 34. Qxe4 Rxe5 35. Qc6 R8e6 36. Qd7 Re7 37. Qd8+ Kg7 38. Qxb6 Kh6 39. Qxa5 c4 40. Qd2+ g5 41. bxc4 Re1+ 42. Kh2 R7e2 43. Qd4 Re4 44. Qf6+ Kh5 45. g4+ Rxg4 46. hxg4+ Kxg4 47. Kg2 h5 48. Qf3+ Kh4 49. Qg3# 1-0

[Event "*** Titled Tuesday Blitz"]
[Site "Chess.com"]
[Date "2021.02.02"]
[Round "2"]
[White "pavelalexandru07"]
[Black "horripile"]
[Result "0-1"]
[WhiteElo "2340"]
[BlackElo "2700"]
[TimeControl "180+1"]
[EndTime "10:18:37 PST"]
[Termination "horripile won by resignation"]

1. e4 c5 2. Nf3 Nc6 3. d4 cxd4 4.
Nxd4 e6 5. Nc3 Qc7 6. Be2 a6 7. O-O Nf6 8. Be3 Bb4 9. Nxc6 bxc6 10. Bd3 d5 11. exd5 cxd5 12. Ne2 O-O 13. c3 Bd6 14. Ng3 Bb7 15. Re1 Bf4 16. Qd2 Bxe3 17. Qxe3 a5 18. f3 Rab8 19. Rab1 Rfc8 20. Ne2 Nd7 21. Nd4 Nc5 22.
Bc2 Ba6 23. Rec1 Qb6 24. Kh1 g6 25. Ne2 Nd7 26. Qxb6 Nxb6 27. Nf4 Nc4 28. b3 Na3 29. Rb2 Rxc3 30. Ne2 0-1

[Event "*** Titled Tuesday Blitz"]
[Site "Chess.com"]
[Date "2021.02.02"]
[Round "2"]
[White "Angel_Hranitel_37"]
[Black "chesslh19"]
[Result "1-0"]
[WhiteElo "2464"]
[BlackElo "2253"]
[TimeControl "180+1"]
[EndTime "10:18:39 PST"]
[Termination "Angel_Hranitel_37 won on time"]

1. d4 Nf6 2. c4 e6 3. g3 d5 4. Nf3 Be7 5. Bg2 O-O 6. O-O dxc4 7. Qc2 a6 8. Rd1 b5 9. Ne5 c6 10. a4 Bb7 11. axb5 axb5 12. Rxa8 Bxa8 13. Nc3 Nd5 14. e4 Nxc3 15. Qxc3 Bb7 16. Bf4 Nd7 17.
Nf3 Bf6 18. b3 cxb3 19. Qxb3 Qb6 20. Bd6 Ra8 21. e5 Bd8 22. Nd2 c5 23. Bxb7 Qxb7 24.
dxc5 Qc6 25. Qf3 Rc8 26. Qxc6 Rxc6 27. Nb3 f6 28. Bb8 Nxc5 29. Rxd8+ Kf7 30. Nd4 Ra6 31. Nxb5 Rb6 32. Nd6+ Kg6 33. Ba7 Ra6 34. Bxc5 fxe5 35. Re8 1-0

[Event "*** Titled Tuesday Blitz"]
[Site "Chess.com"]
[Date "2021.02.02"]
[Round "2"]
[White "GoltsevDmitry2000"]
[Black "MelihKaanCan"]
[Result "1-0"]
[WhiteElo "2637"]
[BlackElo "2333"]
[TimeControl "180+1"]
[EndTime "10:18:40 PST"]
[Termination "GoltsevDmitry2000 won on time"]

1. e4 e5 2. Nf3 Nc6 3. Bb5 a6 4.
Ba4 Nf6 5. O-O Be7 6. Re1 b5 7. Bb3 O-O 8. c3 d5 9. exd5 Nxd5 10. Nxe5 Nxe5 11. Rxe5 c6 12. d4 Bd6 13. Re1 Qh4 14. g3 Qh3 15. Nd2 Bg4 16. Nf3 Rae8 17. Rxe8 Rxe8 18.
Ng5 Qh5 19. f3 Bh3 20. Bc2 h6 21. Ne4 Bc7 22. Bd2 f5 23. Nf2 f4 24. g4 Qh4 25.
Be4 Ne3 26. Qb3+ Kh8 27. Qf7 Rc8 28. Qg6 Kg8 29. Re1 Kf8 30. Bxc6 Qe7 31. Be4 1-0

[Event "*** Titled Tuesday Blitz"]
[Site "Chess.com"]
[Date "2021.02.02"]
[Round "2"]
[White "PavelChernomordik"]
[Black "Supernotar"]
[Result "1-0"]
[WhiteElo "2365"]
[BlackElo "2773"]
[TimeControl "180+1"]
[EndTime "10:18:41 PST"]
[Termination "PavelChernomordik won by resignation"]

1. e4 c6 2. Nc3 d5 3. Qf3 dxe4 4. Nxe4 Nd7 5. Qe2 Ndf6 6. Nc3 Bf5 7. Nf3 g6 8. d4 Bg7 9. h3 h5 10. Bg5 Nd5 11. Ne4 Ngf6 12. Ng3 Be6 13. Qd2 O-O 14.
Bd3 Qb6 15. c3 Rfd8 16. O-O a5 17. Rfe1 Re8 18. Rxe6 fxe6 19. Bxg6 Rf8 20. Nxh5 Nxh5 21. Bxh5 Qc7 22. Bg4 Nf6 23. Bxe6+ Kh8 24. Ne5 Ne4 25.
Ng6+ Kh7 26. Nxf8+ Rxf8 27. Qd3 Rf4 28. Bxf4 Qxf4 29. f3 Kh8 30. Qxe4 Qg3 31. Qg4 1-0

[Event "*** Titled Tuesday Blitz"]
[Site "Chess.com"]
[Date "2021.02.02"]
[Round "2"]
[White "mamonika"]
[Black "Matensien"]
[Result "0-1"]
[WhiteElo "2032"]
[BlackElo "2383"]
[TimeControl "180+1"]
[EndTime "10:18:41 PST"]
[Termination "Matensien won by resignation"]

1. e4 e5 2. Nf3 Nc6 3. Bb5 a6 4. Ba4 Nf6 5. d3 Be7 6. O-O O-O 7. c3 b5 8. Bb3 d6 9. Re1 h6 10. Nbd2 Nb8 11. Nf1 c5 12. h3 Re8 13. Ng3 Bf8 14. d4 Nbd7 15. a4 Bb7 16. dxe5 Nxe5 17. Nxe5 dxe5 18. Qe2 c4 19. Bc2 Qc7 20. axb5 axb5 21.
Be3 b4 22. cxb4 Bxb4 23. Rxa8 Rxa8 24. Rc1 Ba6 25. Qf3 Ne8 26. Ba4 Bb7 27. Nf5 Rxa4 28. Qg3 Kf8 29. Qxg7+ Nxg7 0-1

[Event "*** Titled Tuesday Blitz"]
[Site "Chess.com"]
[Date "2021.02.02"]
[Round "2"]
[White "BrandonJacobson"]
[Black "gross-aleks"]
[Result "0-1"]
[WhiteElo "2846"]
[BlackElo "2564"]
[TimeControl "180+1"]
[EndTime "10:18:42 PST"]
[Termination "gross-aleks won by resignation"]

1. d4 Nf6 2. c4 e6 3. Nf3 c5 4.
d5 exd5 5. cxd5 d6 6. Nc3 a6 7. a4 g6 8. h3 Bg7 9. e4 O-O 10. Bd3 Re8 11. O-O Nbd7 12. Bf4 Qc7 13. Re1 c4 14. Bc2 Rb8 15. a5 b5 16. axb6 Rxb6 17.
Ra2 Nc5 18. Nd4 Nfd7 19. Nc6 Bb7 20. Qe2 Bxc6 21. dxc6 Rxc6 22. Nd5 Qb7 23. Qxc4 Ne6 24. Qb3 Qc8 25. Bb1 Nxf4 26. Nxf4 Rb6 27. Qa3 Qc5 28.
Nd5 Rxb2 29. Qxa6 Qxf2+ 0-1

[Event "*** Titled Tuesday Blitz"]
[Site "Chess.com"]
[Date "2021.02.02"]
[Round "2"]
[White "chessablanca"]
[Black "vinniethepooh"]
[Result "0-1"]
[WhiteElo "2494"]
[BlackElo "2735"]
[TimeControl "180+1"]
[EndTime "10:18:42 PST"]
[Termination "vinniethepooh won by resignation"]

1. Nf3 d5 2. c4 c6 3. e3 Nf6 4. Nc3 e6 5. d4 Nbd7 6. Be2 dxc4 7. Bxc4 b5 8. Bd3 a6 9. O-O Bb7 10. Re1 c5 11. Bc2 Qb6 12. e4 cxd4 13. Nxd4 Bc5 14.
Be3 Ne5 15. b4 Bxb4 16. Nf5 Qc6 17. Nxg7+ Kf8 18. Bh6 Kg8 19. Re3 Bxc3 20. Rc1 b4 21. Ba4 Qb6 22. h4 Rd8 23. Qe2 Rd2 24. Qf1 Nfg4 25. Re2 Nxh6 26. Nh5 Rxe2 27. Qxe2 Nhg4 28. Rd1 h6 29. Kf1 Bc6 30. Bb3 Bb5 0-1

[Event "*** Titled Tuesday Blitz"]
[Site "Chess.com"]
[Date "2021.02.02"]
[Round "2"]
[White "BlueWizzard"]
[Black "gilbert_gm"]
[Result "0-1"]
[WhiteElo "2767"]
[BlackElo "2528"]
[TimeControl "180+1"]
[EndTime "10:18:43 PST"]
[Termination "gilbert_gm won by resignation"]

1. d4 d5 2. Nc3 c6 3. Nf3 Nf6 4. Bg5 Bf5 5. Nh4 Bg6 6. e3 Qb6 7. Nxg6 hxg6 8. Qd2 Nbd7 9. O-O-O e6 10. a3 Qa5 11. Kb1 Be7 12. Bd3 b5 13. Na2 Qxd2 14. Rxd2 Ne4 15. Bxe4 Bxg5 16. Bf3 Be7 17. h3 a5 18. e4 Nb6 19. exd5 cxd5 20. Be2 Nc4 21. Rdd1 Rb8 22. Nc1 b4 23. a4 Bf6 24. Nb3 Ra8 25. g3 Ke7 26. h4 Nd6 27. Bd3 Kd8 28. Rc1 Kc7 29. c4 bxc3 30. Bc4 Nxc4 31. Rxc3 Rhb8 32. Ka2 Rb4 33. Rf3 Rxa4+ 34. Kb1 Rb4 35. Kc2 a4 36. Nc5 Rxb2+ 37. Kd3 a3 38. h5 a2 39. hxg6 Ra3+ 0-1

[Event "*** Titled Tuesday Blitz"]
[Site "Chess.com"]
[Date "2021.02.02"]
[Round "2"]
[White "northridgehawk"]
[Black "harvsp123"]
[Result "0-1"]
[WhiteElo "2315"]
[BlackElo "2569"]
[TimeControl "180+1"]
[EndTime "10:18:43 PST"]
[Termination "harvsp123 won by resignation"]

1. e4 e5 2. Bc4 Nf6 3. Nc3 Bc5 4. d3 O-O 5. f4 exf4 6. Bxf4 c6 7. Qf3 d5 8. exd5 Re8+ 9. Nge2 Bg4 10. Qg3 cxd5 11. Bb3 Nc6 12. Kd2 d4 13. Ne4 Rxe4 14. Rae1 Bb4+ 15. c3 dxc3+ 16. bxc3 Nd4 17. Nxd4 Qxd4 18. cxb4 Qb2+ 19. Bc2 Rc8 20. Bc7 Qxb4+ 21. Kc1 Rxe1+ 22. Rxe1 Rxc7 23. h3 Qc3 24. Qf2 Be6 25. Kd1 Qa1+ 26. Kd2 Rxc2+ 27. Ke3 Qe5+ 28. Kf3 Bd5+ 29. Re4 Rxf2+ 30.
Kxf2 Nxe4+ 0-1

[Event "*** Titled Tuesday Blitz"]
[Site "Chess.com"]
[Date "2021.02.02"]
[Round "2"]
[White "andy_rekt"]
[Black "jerry_77"]
[Result "0-1"]
[WhiteElo "2242"]
[BlackElo "2459"]
[TimeControl "180+1"]
[EndTime "10:18:43 PST"]
[Termination "jerry_77 won by resignation"]

1. d4 Nf6 2. c4 e6 3. Nc3 d5 4.
Nf3 Bb4 5. Bg5 O-O 6. e3 Nbd7 7.
cxd5 exd5 8. Bd3 c6 9. O-O h6 10. Bh4 Re8 11. Qc2 Qa5 12. a3 Bxc3 13. bxc3 Ne4 14.
c4 g5 15. Bg3 Ndf6 16. cxd5 cxd5 17. Bc7 Qc3 18. Rfc1 Qxc2 19. Rxc2 Bd7 20. Ne5 Ba4 21. Rb2 Rac8 22. Ba5 b6 23. Be1 Nd6 24. Ba6 Rc7 25. Bb4 Nc4 26. Re2 b5 27. Nxc4 bxc4 28. Bc5 Re6 29.
Bxc4 dxc4 30. f3 Nd7 31. Bb4 c3 32. Rc1 c2 33. d5 Rb6 34. e4 Ne5 0-1

[Event "*** Titled Tuesday Blitz"]
[Site "Chess.com"]
[Date "2021.02.02"]
[Round "2"]
[White "ukchessbomber"]
[Black "WilliamSchill"]
[Result "1-0"]
[WhiteElo "2372"]
[BlackElo "1970"]
[TimeControl "180+1"]
[EndTime "10:18:43 PST"]
[Termination "ukchessbomber won by resignation"]

1. d4 Nf6 2. c4 g6 3. Nc3 Bg7 4. e4 d6 5. Be2 O-O 6. Be3 c5 7.
d5 e6 8. Nf3 exd5 9. cxd5 b5 10. e5 Ng4 11. Bg5 Qa5 12. O-O Nxe5 13. Be7 Nxf3+ 14.
Bxf3 Bxc3 15. Bxf8 Kxf8 16. bxc3 Qxc3 17. Rc1 Qf6 18.
Qb3 Bd7 19. a4 a6 20. Ra1 b4 21. a5 Ra7 22. Qe3 Be8 23. Rae1 Re7 24. Qh6+ Kg8 25. g4 Re5 26. Rxe5 Qxe5 27. Qd2 Bb5 28. Re1 Qf6 29. Be2 Bxe2 30. Rxe2 Nd7 31. Qh6 Ne5 32. f4 Nf3+ 33. Kg2 Nh4+ 34. Kg3 Qc3+ 35. Kxh4 1-0

[Event "*** Titled Tuesday Blitz"]
[Site "Chess.com"]
[Date "2021.02.02"]
[Round "2"]
[White "GCamachoMartinez"]
[Black "anon132639"]
[Result "0-1"]
[WhiteElo "2423"]
[BlackElo "2801"]
[TimeControl "180+1"]
[EndTime "10:18:44 PST"]
[Termination "anon132639 won by resignation"]

1. d4 Nf6 2. c4 b6 3. f3 Bb7 4.
e4 e5 5. dxe5 Nh5 6. Ne2 Nc6 7.
Be3 Nxe5 8. Ng3 Qh4 9. Bf2 Bb4+ 10. Nd2 Nf4 11. Qc2 Bc5 12. Bxc5 bxc5 13. O-O-O g6 14.
Qc3 Qe7 15. Nb3 d6 16. Ne2 Nxe2+ 17. Bxe2 O-O 18. h4 f5 19. exf5 Rxf5 20. Rde1 Qf6 21. Nd2 a5 22. Bd1 a4 23. Bc2 Rf4 24. Ne4 Bxe4 25.
Bxe4 Rb8 26. h5 g5 27. h6 a3 28. b3 Rf8 29. Kc2 g4 30. g3 Rxe4 31. Rxe4 gxf3 32.
Rf4 Qg6+ 33. Kd2 Rxf4 34. gxf4 Qg2+ 0-1

[Event "*** Titled Tuesday Blitz"]
[Site "Chess.com"]
[Date "2021.02.02"]
[Round "2"]
[White "Bulldog167"]
[Black "chescomhuynya"]
[Result "1-0"]
[WhiteElo "2806"]
[BlackElo "2516"]
[TimeControl "180+1"]
[EndTime "10:18:45 PST"]
[Termination "Bulldog167 won by resignation"]

1. d4 Nf6 2. Bg5 Ne4 3. Bf4 c5 4.
d5 Qb6 5. Bc1 e6 6. dxe6 dxe6 7.
g3 c4 8. e3 Nc6 9. Nf3 Be7 10. Bxc4 Qb4+ 11. Nbd2 Nxd2 12. Nxd2 O-O 13. c3 Qa5 14. Nf3 Rd8 15. Qc2 Qh5 16. Be2 e5 17. e4 Bg4 18. Ng1 Rac8 19. Bxg4 Qxg4 20. Qe2 Qg6 21.
Nf3 b5 22. O-O b4 23. Bd2 bxc3 24. Bxc3 Nd4 25. Bxd4 exd4 26. Qd3 Qb6 27. b3 Bb4 28. Rac1 Rc3 29. Rxc3 dxc3 30. Qc4 a5 31. a3 Bxa3 32. Qxc3 Bc5 33. Qc4 h6 34. Ne5 Qc7 35. Nxf7 Qxf7 36.
Qxc5 Qxb3 37. Qxa5 Qf3 38. Qxd8+ 1-0

[Event "*** Titled Tuesday Blitz"]
[Site "Chess.com"]
[Date "2021.02.02"]
[Round "2"]
[White "Brave_spirit12"]
[Black "Gabrielian_Artur"]
[Result "0-1"]
[WhiteElo "2510"]
[BlackElo "2781"]
[TimeControl "180+1"]
[EndTime "10:18:46 PST"]
[Termination "Gabrielian_Artur won by resignation"]

1. e4 e5 2. Nf3 Nc6 3. Bc4 Nf6 4. d3 h6 5. O-O d6 6. h3 g6 7. Nc3 Bg7 8. Be3 O-O 9. Qd2 Kh7 10. Nh2 Nh5 11.
Nd5 Ne7 12. g4 Nxd5 13. Bxd5 Nf4 14. Bxf4 exf4 15. c3 f5 16. exf5 gxf5 17. f3 Qh4 18. Qg2 c6 19. Bb3 d5 20. Rfe1 Bd7 21. Qf2 Bf6 22.
Qxh4 Bxh4 23. Re2 Rae8 24. Kf1 Rxe2 25. Kxe2 Re8+ 26. Kd2 Re3 27. Bd1 Re1 28. gxf5 h5 29. f6 Rh1 30. Ng4 hxg4 31. fxg4 Bxf6 32. d4 Kg7 33. a4 a5 34. b4 axb4 35. cxb4 Bxd4 36. Ra3 Be3+ 37. Kc2 Rxh3 38. b5 cxb5 39. axb5 Bxb5 40.
Rc3 Bc4 41. Ra3 Rh2+ 42. Kb1 b5 43. g5 b4 44. Ra8 Bd3+ 0-1

[Event "*** Titled Tuesday Blitz"]
[Site "Chess.com"]
[Date "2021.02.02"]
[Round "2"]
[White "PerAsperaAdAstraCB"]
[Black "Ajedrez_con_German"]
[Result "1/2-1/2"]
[WhiteElo "2362"]
[BlackElo "2616"]
[TimeControl "180+1"]
[EndTime "10:18:46 PST"]
[Termination "Game drawn by repetition"]

1. d4 d5 2. Bf4 Nf6 3. e3 c5 4.
Nc3 cxd4 5. exd4 a6 6. Nf3 Nc6 7. Ne5 Bf5 8. g4 Bd7 9. g5 Ne4 10. Nxe4 dxe4 11. Nxd7 Qxd7 12. c3 e6 13. Bg2 Bd6 14.
Bxd6 Qxd6 15. Bxe4 O-O 16. Qf3 Rab8 17. O-O-O Na5 18.
Kb1 b5 19. Qg3 Qb6 20. Qh4 g6 21. Rd3 b4 22. Rh3 h5 23. gxh6 bxc3 24. h7+ Kg7 25. Qh6+ Kf6 26. Qh4+ Kg7 27. Qh6+ Kf6 28. Qh4+ Kg7 1/2-1/2

[Event "*** Titled Tuesday Blitz"]
[Site "Chess.com"]
[Date "2021.02.02"]
[Round "2"]
[White "EvgenyT"]
[Black "biostatistician"]
[Result "1-0"]
[WhiteElo "2987"]
[BlackElo "2589"]
[TimeControl "180+1"]
[EndTime "10:18:48 PST"]
[Termination "EvgenyT won by resignation"]

1. e4 e6 2. Nf3 d5 3. Nc3 Nf6 4. e5 Ne4 5. Ne2 Nc6 6. d3 Nc5 7. h4 f6 8. Bf4 Bd7 9. g3 Qe7 10. Bg2 O-O-O 11. c3 Qf7 12. b4 fxe5 13. Nxe5 Nxe5 14.
Bxe5 Na4 15. O-O Bd6 16. Bxd6 cxd6 17. c4 Nb6 18. a4 dxc4 19. a5 Nd5 20. a6 b6 21.
dxc4 Nc7 22. Qxd6 e5 23. Nc3 Bb5 24. Nxb5 1-0

[Event "*** Titled Tuesday Blitz"]
[Site "Chess.com"]
[Date "2021.02.02"]
[Round "2"]
[White "The_filthy"]
[Black "Lysiak_Poltorak"]
[Result "0-1"]
[WhiteElo "2229"]
[BlackElo "2446"]
[TimeControl "180+1"]
[EndTime "10:18:48 PST"]
[Termination "Lysiak_Poltorak won by resignation"]

1. e4 c5 2. Nf3 Nc6 3. d4 cxd4 4.
Nxd4 Nf6 5. Nc3 e5 6. Ndb5 d6 7. Bg5 a6 8. Bxf6 gxf6 9. Na3 b5 10.
Nd5 f5 11. Bd3 Be6 12. c4 Qa5+ 13. Kf1 b4 14. Nc2 fxe4 15. Bxe4 Bg7 16. Nf6+ Bxf6 17. Bxc6+ Ke7 18. Bxa8 Rxa8 19. Ne3 Rc8 20. b3 e4 21. Rb1 Qxa2 22. g4 Bh4 23. Qc2 Qxc2 24. Nxc2 Bxg4 25. Ne3 Bh3+ 26. Ke2 f5 27. Rhg1 Ke6 28.
Nd5 Bg4+ 29. Ke3 Bg5+ 30. Kd4 Bh6 31. h3 Be2 32. Nf4+ Bxf4 0-1

[Event "*** Titled Tuesday Blitz"]
[Site "Chess.com"]
[Date "2021.02.02"]
[Round "2"]
[White "zeitnot2006"]
[Black "tigra"]
[Result "0-1"]
[WhiteElo "2553"]
[BlackElo "2871"]
[TimeControl "180+1"]
[EndTime "10:18:49 PST"]
[Termination "tigra won on time"]

1. d4 Nf6 2. Nc3 g6 3. Bf4 c5 4. d5 Qb6 5. Qd2 Qxb2 6. Rb1 Qa3 7. Nb5 Qxa2 8. Nc7+ Kd8 9. Rc1 Ne4 10. Qd3 d6 11.
Nxa8 Bf5 12. Qb3 Qa5+ 13. c3 Bg7 14. Bd2 b5 15. g4 Nxd2 16. Kxd2 Bxg4 17. e3 c4 18. Bxc4 Bd7 19. Ne2 Qa6 20. Rb1 Qb7 21. Bxb5 Qxa8 22. Ba4 Na6 23. Bxd7 Nc5 24. Qb8+ Kxd7 25.
Qxa8 Rxa8 26. Nd4 a5 27. Ra1 Bxd4 28. exd4 Nb3+ 29. Kd3 Nxa1 30. Rxa1 e6 31. dxe6+ fxe6 32. Kc4 Kc6 33. Ra2 a4 34. Kb4 Kd5 35. f3 Rb8+ 36. Kxa4 Kc4 0-1

[Event "*** Titled Tuesday Blitz"]
[Site "Chess.com"]
[Date "2021.02.02"]
[Round "2"]
[White "Balla_Tamas"]
[Black "chessmadara"]
[Result "1-0"]
[WhiteElo "2496"]
[BlackElo "2140"]
[TimeControl "180+1"]
[EndTime "10:18:49 PST"]
[Termination "Balla_Tamas won by resignation"]

1. d4 Nf6 2. c4 g6 3. Nc3 d5 4. cxd5 Nxd5 5. e4 Nxc3 6. bxc3 Bg7 7. Be3 c5 8. h3 O-O 9. Nf3 Nc6 10. Qd2 Qa5 11.
Bc4 b5 12. Bd5 Bb7 13. Rc1 e6 14. Bxc6 Bxc6 15. d5 Rfd8 16. c4 Qa4 17. Qc2 exd5 18. cxd5 Bb7 19. Qxa4 bxa4 20. Rxc5 Re8 21. Nd2 f5 22. f3 Rad8 23. Kf2 fxe4 24. fxe4 Rf8+ 25. Nf3 Rde8 26. Rc4 a3 27. Re1 Ba6 28. Ra4 Bd3 29. Bc5 Rf7 30. Rxa3 Bxe4 31. Rae3 Bxf3 32. Rxe8+ 1-0

[Event "*** Titled Tuesday Blitz"]
[Site "Chess.com"]
[Date "2021.02.02"]
[Round "2"]
[White "juancruzarias"]
[Black "AlexTriapishko"]
[Result "0-1"]
[WhiteElo "2579"]
[BlackElo "2916"]
[TimeControl "180+1"]
[EndTime "10:18:50 PST"]
[Termination "AlexTriapishko won by resignation"]

1. e4 e5 2. Nf3 Nc6 3. Nc3 Nf6 4. Bb5 Bc5 5. Nxe5 O-O 6. Nd3 Bb6 7. O-O d5 8. e5 Ne4 9. Na4 Nd4 10. Nc3 Nxc3 11.
dxc3 Nxb5 12. a4 Nxc3 13. bxc3 a5 14. Qh5 Qd7 15. Ba3 Re8 16. Bc5 Bxc5 17. Nxc5 Qc6 18. Nd3 Qxc3 19. Rfe1 Ra6 20. e6 Raxe6 21. Red1 c6 22. h3 Qxc2 23. Nf4 Re5 24. Qg4 Bxg4 0-1

[Event "*** Titled Tuesday Blitz"]
[Site "Chess.com"]
[Date "2021.02.02"]
[Round "2"]
[White "Taktikmonster"]
[Black "NiranjanNavalgund"]
[Result "0-1"]
[WhiteElo "2305"]
[BlackElo "2519"]
[TimeControl "180+1"]
[EndTime "10:18:50 PST"]
[Termination "NiranjanNavalgund won by checkmate"]

1. e4 e5 2. Nf3 Nc6 3. Bc4 Nf6 4. d3 h6 5. O-O d6 6. c3 g5 7. d4 Bg7 8. dxe5 Nxe5 9. Nxe5 dxe5 10. Qxd8+ Kxd8 11. Bxf7 Rf8 12. Bg6 Be6 13. Be3 b6 14. f3 Ke7 15. Nd2 Rfd8 16. Rad1 a5 17. Bf5 Bxa2 18. c4 a4 19. Ra1 Bb3 20. Nxb3 axb3 21. Kf2 Kf7 22. Ke2 Bf8 23. h4 gxh4 24. Rh1 Nh5 25. Rxa8 Ng3+ 26. Ke1 Bb4+ 27. Bd2 Bxd2+ 28.
Kd1 Rxa8 29. Rxh4 Bg5 30. Rg4 Ra1# 0-1